Cogmind - Beta 13 @@@ ROGUE MODE // 2024.07.24 @ 22:24:19 Player: BigChungusGaming Result: Destroyed by G-47 Trooper with Particle Gun Performance ------------- Evolutions (2) 1000 Regions Visited (7) 1400 Robots Destroyed (54) 270 Value Destroyed (1461) 1461 Prototype IDs (2) 40 Alien Tech Used (0) 0 Bonus (205) 205 TOTAL SCORE: 4376 Bonus ------- High Alert Combat Kills 110 Aligned with FarCom 300 Friendly Fire -205 Cogmind --------- Core Integrity 0/550 Matter 278/300 Energy 260/275 System Corruption 0% Temperature Cool (9) Movement Walking (190) Ox1 Location -8/Materials Parts ------- > --- POWER (1) -------- Deuterium Engine > --- PROPULSION (2) --- Aluminum Leg Aluminum Leg > --- UTILITY (4) ------ Heat Sink Improved Heat Sink Cooling System Small Storage Unit > --- WEAPON (4) ------- Particle Gun Ion Cannon Heavy Assault Rifle > --- INVENTORY (8) ---- Ion Engine Light Nuclear Core Aluminum Leg Structural Scanner Improved Targeting Computer Peak State ------------ > --- POWER ------------ Light Nuclear Core > --- PROPULSION ------- Light Treads Light Treads > --- UTILITY ---------- Heat Sink Small Storage Unit Light Armor Plating Hardened Light Armor Plating > --- WEAPON ----------- Improved Medium Laser Firepult > --- INVENTORY -------- Ion Engine Aluminum Leg Aluminum Leg Structural Scanner Improved Targeting Computer Autogun [Rating: 33] Favorites ----------- Power Light Ion Engine Engine Light Ion Engine Power Core Light Nuclear Core Propulsion Aluminum Leg Treads Light Treads Leg Aluminum Leg Utility Small Storage Unit Device Heat Sink Storage Small Storage Unit Protection Hardened Light Armor Plating Weapon Autogun Energy Gun Particle Gun Energy Cannon Firepult Ballistic Gun Autogun Ballistic Cannon Flak Cannon Launcher Grenade Launcher Build | -11 -10 -10 -9 -9 -9 -8 -8 ------- Run | Yrd Mat Min Mat Min Exi Min Mat Slots Evolved 4 | . . . 2 . . . 2 Power . | . . . . . . . . Propulsion . | . . . . . . . . Utility 2 | . . . 1 . . . 1 Weapon 2 | . . . 1 . . . 1 Parts Attached 44 | 6 2 1 9 1 1 5 19 Power 7 | 1 . 1 . 1 . 1 3 Engine 4 | 1 . 1 . 1 . . 1 Core 3 | . . . . . . 1 2 Reactor . | . . . . . . . . Propulsion 8 | 2 . . . . . 3 3 Treads 2 | . . . . . . 2 . Leg 6 | 2 . . . . . 1 3 Wheel . | . . . . . . . . Hover . | . . . . . . . . Flight . | . . . . . . . . Utility 11 | 1 1 . 2 . . . 7 Device 5 | . . . 1 . . . 4 Storage 2 | 1 . . . . . . 1 Processor . | . . . . . . . . Hackware . | . . . . . . . . Protection 4 | . 1 . 1 . . . 2 Artifact . | . . . . . . . . Weapon 18 | 2 1 . 7 . 1 1 6 Energy Gun 5 | 1 . . 2 . . 1 1 Energy Cannon 4 | . . . . . 1 . 3 Ballistic Gun 6 | 1 . . 4 . . . 1 Ballistic Cannon 2 | . 1 . . . . . 1 Launcher 1 | . . . 1 . . . . Special Weapon . | . . . . . . . . Impact Weapon . | . . . . . . . . Slashing Weapon . | . . . . . . . . Piercing Weapon . | . . . . . . . . Special Melee Weapon . | . . . . . . . . Unidentified Prototypes 2 | . . . . . 1 1 . Parts Lost 10 | . . . . . . 1 9 Power 2 | . . . . . . . 2 Propulsion 1 | . . . . . . . 1 Utility 4 | . . . . . . 1 3 Weapon 3 | . . . . . . . 3 Highest Loss Streak 4 | . . . . . . 1 4 To Critical Strikes . | . . . . . . . . Average Slot Usage (%) 91 | . 95 100 98 100 91 86 85 Engine 9 | . 14 14 11 11 11 10 4 Treads 1 | . . . . . . 2 3 Leg 20 | . 28 28 22 22 22 19 11 Device 11 | . . . 11 11 11 11 19 Storage 10 | . 14 14 11 11 11 11 7 Protection 9 | . 10 14 11 11 11 9 4 Energy Gun 3 | . 12 . . . . . 8 Energy Cannon 5 | . . . . . 7 11 8 Ballistic Gun 15 | . 14 14 17 33 17 10 5 Ballistic Cannon 2 | . 1 14 7 . . . 6 Naked Turns 25 | . . . . . . . 25 Heaviest Build 44 | 13 17 17 23 23 39 39 44 Greatest Support 40 | 20 20 20 20 20 20 40 40 Greatest Overweight (x) 13 | 2 . . 1 1 1 3 13 Average Overweight (x) . | . . . . 1 . . 1 Largest Inventory Capacity 8 | 8 8 8 8 8 8 8 8 Average Capacity 7 | 7 8 8 8 8 8 8 7 Most Carried 8 | 6 8 8 8 8 8 8 7 Average Carried 7 | 2 7 8 7 8 8 8 5 Final Capacity 8 | 8 8 8 8 8 8 8 8 Final Carried 8 | 6 8 8 8 8 8 8 5 Class Distribution -------------------- 47% | Tank 20% | Mutant 16% | Skirmisher 15% | Scavenger-Skirmisher Dominant Class ---------------- Mutant | -10/Materials Mutant | -10/Mines Tank | -9/Materials Tank | -9/Mines Tank | -9/Exiles Skirmisher | -8/Mines Scavenger-Skirmisher | -8/Materials Resources | -11 -10 -10 -9 -9 -9 -8 -8 ----------- Run | Yrd Mat Min Mat Min Exi Min Mat Matter Collected 920 | 217 76 32 . 80 21 141 353 Remotely 10 | . . . . . . . 10 Salvage Created 1841 | . 161 28 42 61 . 253 1296 Parts 99 | . 6 5 3 11 . 14 60 Haulers Intercepted . | . . . . . . . . Recyclers Shooed 1 | . . . . . . . 1 Parts Field Recycled . | . . . . . . . . Retrieved Matter . | . . . . . . . . Parts Self-Destructed . | . . . . . . . . Prevented . | . . . . . . . . Kills | -11 -10 -10 -9 -9 -9 -8 -8 ------- Run | Yrd Mat Min Mat Min Exi Min Mat Combat Hostiles Destroyed 44 | . 4 3 1 4 . 9 23 Guns 14 | . 4 1 . 4 . 2 3 Cannons 13 | . . 2 1 . . 2 8 AOE 15 | . . . . . . 5 10 Classes Destroyed 9 | . 1 1 1 . . . 6 Worker 2 | . . . . . . . 2 Builder 3 | . . . . . . . 3 Recycler 2 | . . . . . . . 2 Operator 1 | . . . . . . . 1 Watcher 1 | . . . . . . . 1 Swarmer 18 | . . 3 . 4 . 7 4 Grunt 22 | . 4 . . . . 3 15 Brawler 1 | . . . . . . . 1 Sentry 4 | . . . 1 . . . 3 Best Kill Streak 10 | . 4 3 1 4 . 5 10 Combat Bots Only 8 | . 4 3 1 4 . 5 8 Max Kills in Single Turn 4 | . 1 1 1 2 . 4 4 Gunslinging 1 | . . . . 1 . . . Exploded 3 | . . . . . . 2 3 Melee . | . . . . . . . . Uniques/NPCs Destroyed . | . . . . . . . . Combat | -11 -10 -10 -9 -9 -9 -8 -8 -------- Run | Yrd Mat Min Mat Min Exi Min Mat Hostile Shots Fired 234 | . 16 16 10 12 . 36 144 Missed 69 | . 7 4 2 1 . 8 47 Damage Taken 2542 | . 94 91 120 90 . 401 1746 Core 729 | . 30 22 28 32 . 63 554 Absorbed by Shields . | . . . . . . . . Core Remaining (%) 82 | 100 . 79 . . . 69 . Volleys Fired 80 | . 13 6 5 3 . 12 41 Largest 4 | . 2 2 2 3 . 2 4 Hottest 306 | . 70 55 55 69 . 273 306 Shots Fired 153 | . 25 12 10 9 . 18 79 Gun 95 | . 25 6 5 9 . 12 38 Cannon 58 | . . 6 5 . . 6 41 Launcher . | . . . . . . . . Special . | . . . . . . . . Kinetic 74 | . 13 12 10 9 . 12 18 Thermal 79 | . 12 . . . . 6 61 Explosive . | . . . . . . . . Electromagnetic . | . . . . . . . . Robot Hit Streak 8 | . 4 2 5 2 . 4 8 Robot Miss Streak 9 | . 3 4 3 3 . 7 9 Penetration Max . | . . . . . . . . Secondary Targets 2 | . 1 . . 1 . . . Max Gunslinging Chain 1 | . 1 . . 1 . . . Shots Hit Robots 86 | . 14 4 6 3 . 7 52 Core Hits 97 | . 10 3 2 4 . 14 64 Critical Kills . | . . . . . . . . Critical Parts Destroyed . | . . . . . . . . Critical Strikes 4 | . 2 . . . . . 2 Burn 4 | . 2 . . . . . 2 Melee Attacks . | . . . . . . . . Impact . | . . . . . . . . Slashing . | . . . . . . . . Piercing . | . . . . . . . . Sneak Attacks . | . . . . . . . . Combat Hostiles . | . . . . . . . . Follow-up Attacks . | . . . . . . . . Damage Inflicted 3082 | . 175 66 81 73 . 462 2225 Guns 761 | . 175 14 13 73 . 44 442 Cannons 699 | . . 52 68 . . 83 496 Explosions 1519 | . . . . . . 303 1216 Melee . | . . . . . . . . Ramming 103 | . . . . . . 32 71 Kinetic 582 | . 87 66 81 73 . 44 231 Thermal 1983 | . 88 . . . . 386 1509 Explosive 414 | . . . . . . . 414 Electromagnetic . | . . . . . . . . Impact . | . . . . . . . . Slashing . | . . . . . . . . Piercing . | . . . . . . . . Highest Corruption . | . . . . . . . . Average Corruption . | . . . . . . . . Corruption Purged . | . . . . . . . . Corruption Blocked . | . . . . . . . . Overload Shots . | . . . . . . . . Overflow Damage . | . . . . . . . . Projectiles . | . . . . . . . . Explosions . | . . . . . . . . Melee . | . . . . . . . . Knockbacks 1 | . . . . . . . 1 Impact . | . . . . . . . . Kinetic 1 | . . . . . . . 1 Secondary . | . . . . . . . . Self-Inflicted Damage 149 | . . . . . . 79 70 Shots 12 | . . . . . . 8 4 Rammed 7 | . . . . . . 1 6 Targets Rammed 15 | . . . . . . 4 11 Kicked 8 | . . . . . . 3 5 Crushed . | . . . . . . . . Highest Temperature 673 | . 190 52 1 12 . 628 673 Average Temperature 211 | . 79 32 1 9 . 258 251 Received Heat Transfer 1026 | . 54 . 63 . . 135 774 Effects 27 | . . . . . . 6 21 Shutdowns 10 | . . . . . . 2 8 Energy Bleed 2 | . . . . . . . 2 Matter Decay 4 | . . . . . . 1 3 Short Circuit 4 | . . . . . . 2 2 Damage (minor) 4 | . . . . . . 1 3 Damage (major) 2 | . . . . . . . 2 Damage (core) 1 | . . . . . . . 1 Siege Activations . | . . . . . . . . Robots Corrupted . | . . . . . . . . Combat Hostiles . | . . . . . . . . Parts Fried . | . . . . . . . . Impact Corruptions . | . . . . . . . . Robots Melted 2 | . . . . . . . 2 Combat Hostiles 2 | . . . . . . . 2 Parts Melted 18 | . 2 . . . . 1 15 Heat Transferred 9308 | . 407 . . . . 1840 7061 Parts Sabotaged . | . . . . . . . . Parts Stolen . | . . . . . . . . Parts Stripped . | . . . . . . . . Power Chain Reactions . | . . . . . . . . Alert | -11 -10 -10 -9 -9 -9 -8 -8 ------- Run | Yrd Mat Min Mat Min Exi Min Mat Peak Influence 636 | . 116 130 110 132 . 153 636 Initial 50 | . . 45 50 42 . . . Average 157 | . 40 126 74 74 . 51 387 Maximum Alert Level 2 | . . . . . . . 2 Low Security (%) 72 | 100 100 100 100 100 . 100 5 Level 1 11 | . . . . . . . 39 Level 2 16 | . . . . . . . 54 Level 3 . | . . . . . . . . Level 4 . | . . . . . . . . Level 5 . | . . . . . . . . High Security . | . . . . . . . . Max Security . | . . . . . . . . Squads Dispatched 8 | . 2 . . . . 1 5 Investigation 2 | . 1 . . . . . 1 Extermination . | . . . . . . . . Reinforcement 6 | . 1 . . . . 1 4 Assault . | . . . . . . . . Garrison . | . . . . . . . . Intercept . | . . . . . . . . Searches Triggered . | . . . . . . . . Construction Impeded 3 | . . . . . . 1 2 Haulers Reinforced . | . . . . . . . . Active Scanning Responses . | . . . . . . . . Cargo Convoy Interrupts . | . . . . . . . . Stealth | -11 -10 -10 -9 -9 -9 -8 -8 --------- Run | Yrd Mat Min Mat Min Exi Min Mat Distress Signals 9 | . . . 1 . . . 8 Communications Jammed . | . . . . . . . . Distress Signals . | . . . . . . . . Times Spotted 64 | . 10 3 3 4 . 9 35 Peak Tracking Total 7 | . 2 3 3 4 . 5 7 Tactical Retreats 1 | . . . . . . . 1 Traps | -11 -10 -10 -9 -9 -9 -8 -8 ------- Run | Yrd Mat Min Mat Min Exi Min Mat Traps Triggered 1 | . 1 . . . . . . Indirectly . | . . . . . . . . Trap Hack Attempts . | . . . . . . . . Triggered . | . . . . . . . . Disarmed . | . . . . . . . . Reprogrammed . | . . . . . . . . Reused . | . . . . . . . . Traps Extracted . | . . . . . . . . Installed . | . . . . . . . . Triggered . | . . . . . . . . Machines | -11 -10 -10 -9 -9 -9 -8 -8 ---------- Run | Yrd Mat Min Mat Min Exi Min Mat Machines Disabled 6 | . . . . . . . 6 Max in Single Turn 2 | . . . . . . . 2 Machines Repaired . | . . . . . . . . Machines Dismantled . | . . . . . . . . Machines Sabotaged . | . . . . . . . . Overloaded Fab Kills . | . . . . . . . . Hacking | -11 -10 -10 -9 -9 -9 -8 -8 --------- Run | Yrd Mat Min Mat Min Exi Min Mat Machines Accessed 3 | . 1 . 1 . . . 1 Terminals 2 | . 1 . 1 . . . . Fabricators . | . . . . . . . . Repair Stations 1 | . . . . . . . 1 Recycling Units . | . . . . . . . . Scanalyzers . | . . . . . . . . Garrison Access . | . . . . . . . . Total Hacks 10 | . 4 . 3 . . . 3 Successful 6 | . 2 . 3 . . . 1 Failed 4 | . 2 . . . . . 2 Catastrophic . | . . . . . . . . Database Lockouts . | . . . . . . . . Manual 1 | . . . . . 1 . . Terminals 7 | . 4 . 3 . . . . Fabricators . | . . . . . . . . Repair Stations 3 | . . . . . . . 3 Recycling Units . | . . . . . . . . Scanalyzers . | . . . . . . . . Garrison Access . | . . . . . . . . Terminal Hacks 5 | . 2 . 3 . . . . Record 3 | . . . 3 . . . . Alert Level 1 | . 1 . . . . . . Locate Traps 1 | . 1 . . . . . . Fabricator Hacks . | . . . . . . . . Repair Station Hacks 1 | . . . . . . . 1 Scan Component 1 | . . . . . . . 1 Recycling Unit Hacks . | . . . . . . . . Scanalyzer . | . . . . . . . . Garrison Access Hacks . | . . . . . . . . Unauthorized Hacks . | . . . . . . . . Terminals . | . . . . . . . . Fabricators . | . . . . . . . . Repair Stations . | . . . . . . . . Recycling Units . | . . . . . . . . Scanalyzers . | . . . . . . . . Garrison Access . | . . . . . . . . Data Cores Recovered . | . . . . . . . . Used . | . . . . . . . . Hacking Detections 3 | . 1 . 1 . . . 1 Full Trace Events 1 | . . . . . . . 1 Feedback Events . | . . . . . . . . Feedback Blocked . | . . . . . . . . Robot Schematics Acquired . | . . . . . . . . Robots Built . | . . . . . . . . Authchips . | . . . . . . . . Time . | . . . . . . . . Total Robot Build Rating . | . . . . . . . . Part Schematics Acquired . | . . . . . . . . Parts Built . | . . . . . . . . Authchips . | . . . . . . . . Time . | . . . . . . . . Total Part Build Rating . | . . . . . . . . Parts Repaired . | . . . . . . . . Time . | . . . . . . . . Parts Recycled . | . . . . . . . . Recycled Matter . | . . . . . . . . Retrieved Matter . | . . . . . . . . Retrieved Components . | . . . . . . . . Parts Scanalyzed . | . . . . . . . . Part Schematics Acquired . | . . . . . . . . Parts Damaged . | . . . . . . . . Bothacking | -11 -10 -10 -9 -9 -9 -8 -8 ------------ Run | Yrd Mat Min Mat Min Exi Min Mat Used RIF Installer . | . . . . . . . . Robots Hacked . | . . . . . . . . Non-combat . | . . . . . . . . Combat . | . . . . . . . . Robot Hacks Applied . | . . . . . . . . Relay Couplers Released . | . . . . . . . . Fabnet Peak Effective % . | . . . . . . . . Robots Rewired . | . . . . . . . . Allies Hacked . | . . . . . . . . Hacks Repelled . | . . . . . . . . Allies | -11 -10 -10 -9 -9 -9 -8 -8 -------- Run | Yrd Mat Min Mat Min Exi Min Mat Total Allies 3 | . . . . 3 . . . Largest Group 3 | . . . . 3 3 2 . Highest-Rated Group 40 | . . . . 40 40 24 . Highest-Rated Ally 16 | . . . . 16 16 16 . Total Orders . | . . . . . . . . Ally Attacks 4 | . . . . . . 4 . Total Damage 39 | . . . . . . 39 . Kills . | . . . . . . . . Allies Corrupted . | . . . . . . . . Allies Melted . | . . . . . . . . Intel | -11 -10 -10 -9 -9 -9 -8 -8 ------- Run | Yrd Mat Min Mat Min Exi Min Mat Robot Analysis Total . | . . . . . . . . Derelict Logs Recovered . | . . . . . . . . Drone Launches . | . . . . . . . . Drone Recoveries . | . . . . . . . . Exploration | -11 -10 -10 -9 -9 -9 -8 -8 ------------- Run | Yrd Mat Min Mat Min Exi Min Mat Turns Passed 5117 | 117 535 230 363 700 1151 859 1162 Spaces Moved 2709 | 89 410 177 197 364 608 422 442 Core 60 | 13 . . . . . . 47 Treads 106 | . . . . . . 44 62 Legs 2543 | 76 410 177 197 364 608 378 333 Wheels . | . . . . . . . . Hover . | . . . . . . . . Flight . | . . . . . . . . Fastest Speed 50 | 50 120 120 120 190 120 160 50 Average Speed 171 | 115 120 120 167 190 189 187 199 Slowest Speed 700 | 150 120 120 190 190 190 330 700 Overloaded Moves . | . . . . . . . . Propulsion Burnouts . | . . . . . . . . Robots Hopped . | . . . . . . . . Cave-ins Triggered . | . . . . . . . . Exploration Rate (%) 42 | 6 44 33 13 53 89 69 29 Regions Visited 7 Branch Regions 4 Pre-discovered Areas . | . . . . . . . . Known Exits Taken . | . . . . . . . . Unknown Exits Taken 7 | 1 1 1 1 1 1 1 . Scrap Searched 2 | . . . . 1 . 1 . Spaces Dug . | . . . . . . . . Terrain Destroyed 97 | . . . . . . 55 42 Melee . | . . . . . . . . Projectile 11 | . . . . . . 3 8 AOE 86 | . . . . . . 52 34 Terrain Rammed . | . . . . . . . . Walls Destroyed . | . . . . . . . . Machines Disabled . | . . . . . . . . Actions | -11 -10 -10 -9 -9 -9 -8 -8 --------- Run | Yrd Mat Min Mat Min Exi Min Mat Total 3027 | 100 431 184 221 368 610 470 643 Wait 146 | . . . . . . 26 120 Move 2702 | 88 409 176 196 363 607 421 442 Hop . | . . . . . . . . Pick Up 15 | 6 4 . 3 . . . 2 Fast Attach 30 | 6 2 . 6 . 1 . 15 Attach 5 | . . . 2 . . . 3 Detach . | . . . . . . . . Swap 9 | . . 1 1 1 . 5 1 Drop 25 | . 3 1 8 1 2 2 8 Fire 80 | . 13 6 5 3 . 12 41 Melee . | . . . . . . . . Ram 6 | . . . . . . . 6 Kick 8 | . . . . . . 3 5 Crush 1 | . . . . . . 1 . Escape Stasis . | . . . . . . . . Rewire . | . . . . . . . . Trap . | . . . . . . . . Miscellaneous . | . . . . . . . . Route ------- -11/Scrapyard -10/Materials -10/Mines -9/Materials -9/Mines (discovered 2 exits: *Mat / *Exi) -9/Exiles -8/Mines -8/Materials History --------- Turn | Location | Event 23 | -11/Scrapyard | Discovered new exit (range 14) 118 | -11/Scrapyard | Entered Materials 312 | -10/Materials | Build established: Mutant 623 | -10/Materials | Discovered new exit (range 14) 653 | -10/Materials | Entered Mines 654 | -10/Mines | Met a Derelict bent on vengeance 687 | -10/Mines | Assembled infested the area 793 | -10/Mines | Discovered new exit (range 6) 883 | -10/Mines | Entered Materials 883 | -9/Materials | Evolved 2 slots: Utility x1, Weapon x1 1044 | -9/Materials | Discovered new exit (range 16) 1180 | -9/Materials | Build established: Tank 1246 | -9/Materials | Entered Mines 1360 | -9/Mines | Discovered new exit (range 10) 1427 | -9/Mines | Deemed a non-threat by the Exiles lab entrance 1429 | -9/Mines | Discovered new exit (range 5) 1520 | -9/Mines | Found a hidden stash of uninstalled traps 1638 | -9/Mines | Assisted by bots powering up and referring to "LRC-V3" 1946 | -9/Mines | Entered Exiles 1946 | -9/Exiles | Accompanied by 3 allies 2013 | -9/Exiles | Met 8R-AWN 2057 | -9/Exiles | Met EX-HEX 2142 | -9/Exiles | Met EX-BIN 2174 | -9/Exiles | Aligned with FarCom system 2176 | -9/Exiles | Given EX-Vault access code 2256 | -9/Exiles | Opened EX-Vault 2266 | -9/Exiles | Found Prototype Energy Cannon 2266 | -9/Exiles | Identified Firepult 2309 | -9/Exiles | Warned to stay clear of 0b10 Research branches 2375 | -9/Exiles | Met EX-DEC 2487 | -9/Exiles | Discovered new exit (range 14) 2753 | -9/Exiles | Visited The Gauntlet 3097 | -9/Exiles | Left Exiles lab with Firepult 3097 | -9/Exiles | Entered Mines 3097 | -8/Mines | Accompanied by 3 allies 3134 | -8/Mines | Discovered new exit (range 4) 3401 | -8/Mines | Build established: Skirmisher 3956 | -8/Mines | Entered Materials 3956 | -8/Materials | Evolved 2 slots: Utility x1, Weapon x1 4041 | -8/Materials | Destroyed 8 combat bots 4253 | -8/Materials | Lost 3 parts (1p1n1u) 4279 | -8/Materials | Core integrity fell below 50% 4286 | -8/Materials | Core integrity fell below 20% 4295 | -8/Materials | Lost 4 parts (2u2w) 4638 | -8/Materials | Build established: Scavenger-Skirmisher 5118 | -8/Materials | Destroyed by G-47 Trooper with Particle Gun Last Messages --------------- Kicked T-07 Excavator out of the way. Kicked K-01 Serf. Kicked T-07 Excavator out of the way. Kicked K-01 Serf. ALERT: Hostiles spotted, dispatching reinforcements to Terminal M002. Connecting with Repair Station... Current location identified: Materials >>Scan(Flak Cannon) Scanning Flak Cannon... Ready to Repair: Flak Cannon Rating: 3 Time: 38 ALERT: Suspicious activity at Repair Station M001. Dispatching Investigation squad. Connecting with Scanalyzer... G-47 Trooper destroyed. Flak Cannon destroyed. R-06 Scavenger collects Lgt. Nuclear Core. Map ----- +----------------------------------------------------+ | ?????????????????????????????????# """"" ## | | ?????????????????????????????????# """ ## | | ?????????????????????????????????# ## | | ?????????????????????????????????# = ##% | | ?????????????????????????????????# ##* | | ????????????????????????#######??#######+### | | ????????????????????????# ######### | | ????????????????????????# """ ## # | | ????????????????????????# """ ## #% | | ????????????????????????# """ ## + | | ????????????????????????# """ ## "Y" # % | | ??????????????????####### """ ## """ # | | ??????????????????# # ## # % | | ??????????????????# ##+############ | | ??????????????????# % % % | | ??????????????????# ############### % | | ??????????????????# #???????????######+### | | ?????????????######## ########?????##! | | ?????????????# [ # # #?????# ! " | | ?????????????# g g/ + ! #?????## "" " | | ?????????????#"""g #o# #??????#* """ | | ?????????????#"R #w#! "" #??????# | | ?????????????#""" # # S"" #??????#######+## | | ?????????????# # # "" #????????????# | | ?????????????######## ########????????????# "" | | ????????????????????#@#???????????????????# "" | | ????????????????????# ??????????????????# "" | | ????????????????????# ????????????????# "" | | ????????????????????# [ ??????????????# "" | | ????????????????????# !! +?????????????# | | ????????????????????#w !! #?????????????# | | ????????????????????# !! #???????########## | | ????????????????????# #??????# # | | ????????????????????# #??????# """ """ # | | ????????????????????? ]]] =#??????# """ """ # | | ????????????????????? ]a%! #??????# """ """ + | | ????????????????????? g]]g #??????# """ # | | ????????????????????? r #??????# """ # | | ????????????????????? #??????# * ! # | | ?????????????????????+# ?????????# # | | ??????????????????????? ???????????########### | | ?????????????????????????????????????????????# | | ?????????????????????????????????????????????# | | ?????????????????????????????????????????????# | | ?????????????????????????????????????????????# | | ?????????????????????????????????????????????# | | ?????????????????????????????????????????????# | | ?????????????????????????????????????????????# | | ?????????????????????????????????????????????# | | ?????????????????????????????????????????????# | +----------------------------------------------------+ Best States ------------- Heat Dissipation 77 Energy Generation 14 Energy Capacity 275 Matter Stores 300 Matter Capacity 300 Sight Range 16 Terrain Scan Density 10 Armor Coverage 300 Evasion (%) 55 Recoil Reduction 2 Item Schematics ----------------- None Robot Schematics ------------------ None Fabricated ------------ Nothing Alien Tech Used ----------------- None Achievements -------------- None Challenges ------------ None Game ------ Seed NeutronWarpBeam Manual? 0 Play Time 00:23:51 Cumulative 8.6 hours Start 2024.07.24 @ 21:59:33 End 2024.07.24 @ 22:24:19 Sessions 1 Manual Loads 0 Difficulty Rogue Special Mode None Game No. 13 Rogue 13 Adventurer 0 Explorer 0 Win Type - Total 0 Types 0/0/0/0/0/0/0/0/0 Lore% 16 Gallery% 15 Achievement% 14 Wizard Run 0 Options --------- Layout 1 ASCII 0 Keyboard 0 Movement Arrows Keybinds 0 Fullscreen 1 Font 32/SmallcapsGlow Map View 50x35 Zoom Use 0% Tactical HUD 0 Map Filters NONE Filters NONE Steam 1 RUN: d9c4201c-d82b-44a9-864d-00f8ad52fa51